 Dungeon Crawl Stone Soup version 0.22-a0-407-gb098539 (webtiles) character file.

100 Gaball the Covert (level 4, 0/33 HPs)
             Began as a Vampire Assassin on May 9, 2018.
             Slain by Natasha (9 damage)
             ... on level 3 of the Dungeon.
             The game lasted 00:06:45 (3023 turns).

Gaball the Covert (Vampire Assassin)                Turns: 3023, Time: 00:06:46

Health: 0/33       AC:  3    Str: 10    XL:     4   Next: 46%
Magic:  4/4        EV: 27    Int: 13    God:
Gold:   125        SH:  0    Dex: 16    Spells: 3/3 levels left

rFire    . . .     SeeInvis +   a - +2 dagger
rCold    + . .     Gourm    .   (no shield)
rNeg     + + .     Faith    .   c - +0 robe
rPois    +         Spirit   .   (no helmet)
rElec    .         Reflect  .   q - +0 cloak
rCorr    .         Harm     .   (no gloves)
MR       .....                  (no boots)
Stlth    +++++.....             i - amulet of the acrobat
HPRegen  0.05/turn              (no ring)
MPRegen  0.09/turn              (no ring)

@: about to teleport, regenerating slowly, slowed, very slow
A: fangs 3, see invisible, unbreathing
a: Bat Form


You were on level 3 of the Dungeon.
You were thirsty.

You visited 1 branch of the dungeon, and saw 3 of its levels.

You collected 125 gold pieces.

Inventory:

Hand Weapons
 a - a +2 dagger (weapon)
 b - a +0 blowgun
Missiles
 e - 28 poisoned needles
 f - 2 curare-tipped needles
Armour
 c - a +0 robe (worn)
 d - a +0 cloak
 q - a +0 cloak (worn)
Jewellery
 i - an amulet of the acrobat (around neck)
 r - an uncursed ring of poison resistance
Scrolls
 h - a scroll of enchant weapon
 k - a scroll of immolation {unknown}
 m - 2 scrolls of amnesia
 n - a scroll of enchant armour
 p - a scroll of magic mapping {unknown}
Potions
 g - 19 potions of blood


   Skills:
 - Level 1.7 Fighting
 + Level 3.3 Short Blades
 - Level 1.5 Throwing
 - Level 1.1 Dodging
 + Level 8.2 Stealth


You had 3 spell levels left.
You didn't know any spells.

Dungeon Overview and Level Annotations

Branches:
Dungeon (3/15)

Altars:
The Shining One

Annotations:
D:3 Natasha


Innate Abilities, Weirdness & Mutations

You heal slowly.
You have razor-sharp teeth.
You have supernaturally acute eyesight. (SInv)
You can survive without breathing.


Message History

Natasha casts a spell at you. The magic dart hits you!
Natasha howls an incantation.
You feel disoriented. Natasha misses you.
Things that are here:
a dagger; 5 stones You barely miss Natasha.
Natasha claws you.
You hit Natasha. Your bite misses Natasha.
Natasha is lightly wounded.
Natasha claws you. x2
Okay, then.
As you read the scroll of teleportation, it crumbles to dust.
You feel strangely unstable. Natasha claws you!
* * * LOW HITPOINT WARNING * * *
One of your 20 potions of blood rots away.
Natasha wildly gestures.
Natasha shimmers violently.
Natasha claws you!
You die...

###..###...# ##..#..#.#
##.#.##># #...##.# ##.###.#
##### ######.# #.#
####...####
.......###.#######.........#
#####.#....)#............#.#
# #.#.#...#.##@#.#.....#.# #
..........##h#.#....##.# #
##.#.#...#.##.#.#.#..##.# #
##.#.##.......#.#.##.##.#
##.##.#.##..#.####.#.##.##.#
........ #..#.# #....h....#
##.###..##..#h######.##.####
...# #......#....h...##.#
... .###
#.#.....##########.# ....


You could see Natasha.

Vanquished Creatures
  An adder (D:2)
  A worm (D:3)
  4 dart slugs
  4 leopard geckos
  An orc (D:3)
  A ball python (D:2)
  3 bats
  6 giant cockroaches
  9 goblins
  11 hobgoblins
  3 jackals (D:2)
  3 frilled lizards
  11 kobolds
  13 rats
71 creatures vanquished.

Notes
Turn   | Place    | Note
-------+----------+-------------------------------------------
     0 | D:1      | Gaball the Vampire Assassin began the quest for the Orb.
     0 | D:1      | Reached XP level 1. HP: 16/16 MP: 1/1
    85 | D:1      | Reached skill level 6 in Stealth
   135 | D:1      | Reached XP level 2. HP: 18/22 MP: 2/2
   401 | D:1      | Reached skill level 7 in Stealth
   501 | D:1      | Reached XP level 3. HP: 23/27 MP: 3/3
  1284 | D:2      | Reached XP level 4. HP: 33/33 MP: 4/4
  1398 | D:2      | Reached skill level 8 in Stealth
  1749 | D:3      | Noticed Natasha
  2869 | D:3      | Found a glowing golden altar of the Shining One.
  3023 | D:3      | Slain by Natasha

Vault maps used:
D:1:      dpeg_arrival_snail, minmay_misc_feat_iff,
          minmay_misc_feat_more_columns
D:2:      grunt_ministairs_2, mrwooster_statue_mirror
D:3:      tso_metal_star, uniq_natasha

Skill      XL: |  1  2  3  4 |
---------------+-------------+-----
Stealth        | 6 7 8 |  8.2
Short Blades   | 3 |  3.3
Fighting       | |  1.7
Throwing       | |  1.5
Dodging        | |  1.1

Action                   |  1- 3 |  4- 6 || total
-------------------------+-------+-------++-------
Melee: Dagger            |   113 |    72 ||   185
       Bite              |    13 |     9 ||    22
  Use: Scroll            |       |     7 ||     7
       Potion            |       |     7 ||     7
 Stab: Sleeping          |    18 |     8 ||    26
Armor: Robe              |     9 |    14 ||    23
Dodge: Dodged            |    56 |    38 ||    94

Table legend:
 A = Spawn XP
 B = Non-spawn XP
 C = Spawn XP percentage of total XP
 D = Spawn monster count
 E = Non-spawn monster count
 F = Spawn count percentage of total count
 G = Total turns spent on level
                    A         B        C        D         E        F      G
               +---------+---------+-------+---------+---------+-------+---------
         Total |       0 |     143 |   0.0 |       0 |      71 |   0.0 |  3023
               +---------+---------+-------+---------+---------+-------+---------
           D:1 |       0 |      54 |   0.0 |       0 |      29 |   0.0 |   812
           D:2 |       0 |      66 |   0.0 |       0 |      31 |   0.0 |   960
           D:3 |       0 |      23 |   0.0 |       0 |      11 |   0.0 |  1251
               +---------+---------+-------+---------+---------+-------+---------
